 Dungeon Sprint DCSS version 0.28-a0-577-gb193047a1f (webtiles) character file.

Game seed: 10560476093506347763

5 SkeletonJelly the Conjurer (level 1, -9/10 HPs)
             Began as a Deep Elf Conjurer on Oct 2, 2021.
             Mangled by an ogre (12 damage)
             ... in the Dungeon (Sprint IX: "|||||||||||||||||||||||||||||").
             The game lasted 00:01:14 (93 turns).

SkeletonJelly the Conjurer (Deep Elf Conjurer)        Turns: 93, Time: 00:01:15

Health: -9/10      AC:  2    Str:  4    XL:     1   Next: 66%
Magic:  7/7        EV: 12    Int: 22    God:
Gold:   0          SH:  0    Dex: 13    Spells: 7/8 levels left

rFire   . . .      SeeInvis .   (no weapon)
rCold   . . .      Faith    .   (no shield)
rNeg    . . .      Spirit   .   a - +0 robe
rPois   .          Reflect  .   (no helmet)
rElec   .          Harm     .   (no cloak)
rCorr   .          Rampage  .   (no gloves)
Will    .....      NoTele   +   (no boots)
Stlth   ++........              (no amulet)
HPRegen 0.03/turn               (no ring)
MPRegen 0.10/turn               (no ring)

@: on berserk cooldown, slowed, very slow
A: no striking features
a: no special abilities


You were in the Dungeon.
You visited 1 branch

Inventory:

Armour
 a - a +0 robe (worn)
Potions
 b - a potion of curing
 c - a potion of heal wounds
 d - a potion of haste
 e - 2 potions of magic


   Skills:
 - Level 2.4 Dodging
 - Level 2.4 Stealth
 + Level 4.4 Spellcasting
 + Level 5.2 Conjurations


You had 7 spell levels left.
You knew the following spells:

 Your Spells              Type           Power      Damage    Failure   Level
a - Magic Dart            Conj           100%       1d8       1%          1

Your spell library contained the following spells:

 Spells                   Type           Power      Damage    Failure   Level
 Searing Ray              Conj           54%        2d6       1%          2
 Dazzling Flash           Conj/Hex       32%        N/A       11%         3
 Fulminant Prism          Conj/Hex       8%         3d7       36%         4
 Iskenderun's Mystic Bla  Conj/Tloc      16%        2d5       36%         4


Dungeon Overview and Level Annotations

Branches:
Dungeon (1/1)

Altars:
Cheibriados
Dithmenos
Elyvilon
Fedhas
Gozag
Beogh


Message History

You add the spells Magic Dart, Searing Ray, Dazzling Flash, Fulminant Prism and Iskenderun's Mystic Blast to your library.
Welcome, SkeletonJelly the Deep Elf Conjurer.
Press ? for a list of commands and other information.
Found a staircase leading out of the dungeon.
You open the door.
A frilled lizard, 2 bats, a ball python and a rat come into view.
The ball python hisses angrily.
Unknown command.
Unknown command.
Unknown command.
The magic dart hits the rat!
You kill the rat!
The frilled lizard hisses angrily.
You now have 5/6 mp.
The magic dart hits the bat.
The bat is heavily wounded.
The bat barely misses you. The bat hits you.
You take 1 damage, and have 9/10 hp.
You now have 4/6 mp.
The magic dart hits the bat.
You kill the bat!
You now have 3/7 mp.
The magic dart hits the frilled lizard.
You kill the frilled lizard!
Your Spellcasting skill increases to level 4!
You now have 2/7 mp.
The magic dart hits the ball python!
You kill the ball python!
The bat barely misses you.
Your Conjurations skill increases to level 5!
You now have 1/7 mp.
The magic dart hits the bat.
The bat is severely wounded.
The bat hits you. The bat closely misses you.
You take 1 damage, and have 8/10 hp.
You now have 0/7 mp.
You are too depleted to draw on your mana recklessly!
You are too depleted to draw on your mana recklessly!
You are too depleted to draw on your mana recklessly!
You are too depleted to draw on your mana recklessly!
You are too depleted to draw on your mana recklessly!
You are too depleted to draw on your mana recklessly!
You hit the bat.
You kill the bat!
There is an open door to the Dungeon here.
You see here a ball python corpse.
You start resting.
HP restored.
Health restored: 10 You regained 6 mp, and now have 6/7 mp.
You see here a rat corpse.
You start resting.
Magic restored.
MP restored: 7 You aren't carrying any items that you can evoke.
Okay, then.
Unknown command.
Unknown command.
Unknown command.
You open the door.
An adder, a water moccasin, 2 ogres and a skeleton come into view.
The adder hisses angrily.
Okay, then.
The ogre shouts!
The water moccasin completely misses you.
The ogre shouts!
The water moccasin misses you.
You see here a rat corpse.
There is an open door to the Dungeon here.
You see here a ball python corpse.
The water moccasin bites you!
Ouch! That really hurt!
* * * LOW HITPOINT WARNING * * *
You take 7 damage, and have 3/10 hp.
MASSIVE DAMAGE!!
Blink to where?
Press: ? - help, Dir - move target
As you read the scroll of blinking, it crumbles to dust.
The ogre completely misses you. The ball python skeleton misses you. x2
You aren't carrying any items that you can evoke.
Sorry, you're not good enough to have a special ability.
A red film seems to cover your vision as you go berserk!
You feel yourself moving faster!
You feel mighty!
The ball python skeleton closely misses you.
The ball python skeleton barely misses you.
You now have 5/15 hp.
You punch the ball python skeleton!
You destroy the ball python skeleton!
The ogre barely misses you.
You feel a strong urge to attack something.
You feel your anger nearly subside.
You are no longer berserk.
You are exhausted.
You feel yourself slow down.
You now have 3/10 hp.
You open the door. The ogre hits you with a +0 giant club!
Ouch! That really hurt!
You die... ▓▓▓▓▓▓▓▓▓▓▓▓▓▓▓▓▓▓▓▓▓▓▓▓ ▓<..§††....'SOSO@'______ ▓▓▓▓▓▓▓▓▓▓▓▓▓▓▓▓▓▓▓▓▓▓▓▓

You could see a water moccasin, 2 ogres and an adder.

Vanquished Creatures
  2 bats (D)
  A ball python (D)
  A ball python skeleton (D)
  A frilled lizard (D)
  A rat (D)
6 creatures vanquished.

Notes
Turn   | Place    | Note
-------+----------+-------------------------------------------
     0 | D        | SkeletonJelly the Deep Elf Conjurer began the quest for the
                  | Orb.
     0 | D        | Reached XP level 1. HP: 10/10 MP: 6/6
     9 | D        | Reached skill level 5 in Conjurations
    19 | D        | Banished a spatial maelstrom
    78 | D        | Noticed a water moccasin
    78 | D        | Noticed an ogre
    78 | D        | Noticed an ogre
    93 | D        | Found a snail-covered altar of Cheibriados.
    93 | D        | Found a shadowy altar of Dithmenos.
    93 | D        | Found a white marble altar of Elyvilon.
    93 | D        | Found a blossoming altar of Fedhas.
    93 | D        | Found an opulent altar of Gozag.
    93 | D        | Mangled by an ogre

Illustrated notes

Levels and vault maps discovered:
D:        linesprint [early_d, line_temple, items_1, d_10, items_2, lair_1,
          lair_end, items_3, orc_1, orc_end, items_4, d_15, swamp_1, shoals_1,
          snake_1, spider_1, d_20, vaults_1, items_5, swamp_end, shoals_end,
          snake_end, spider_end, vaults_end, d_27, items_6, zot_1, zot_end,
          crypt_end, forest_end, elf_end, slime_end, tomb_end, abyss_end,
          pan_hell_end]

Skill      XL: |  1 |
---------------+----+-----
Spellcasting   | 4 |  4.4
Conjurations   | 5 |  5.2
Dodging        | |  2.4
Stealth        | |  2.4

Action                   || total
-------------------------++-------
Melee: Unarmed           ||     2
 Cast: Magic Dart        ||     6
  Use: Scroll            ||     1
       Potion            ||     1
Dodge: Dodged            ||    11

Table legend: (Time is in decaauts)
 A = Elapsed time spent in this place.
 B = Non-inter-level travel time spent in this place.
 C = Inter-level travel time spent in this place.
 D = Time resting spent in this place.
 E = Time spent auto-exploring this place.
 F = Levels seen in this place.
 G = Mean time per level.
                   A        B        C        D        E       F      G
               +--------+--------+--------+--------+--------+-----+--------+
         Total |     92 |     92 |      0 |     61 |      3 |   1 |   92.0 |
       Dungeon |     92 |     92 |      0 |     61 |      3 |   1 |   92.0 |
               +--------+--------+--------+--------+--------+-----+--------+

Top non-repeatable levels by time:
       D: 92 daAuts
